 Dungeon Crawl Stone Soup version 0.20.0-15-g7f486f2 (webtiles) character file.

130 Gorglomux the Skirmisher (level 5, 41/51 HPs)
             Began as a Naga Berserker on June 11, 2017.
             Was a Believer of Trog.
             Quit the game on level 3 of the Dungeon.
             The game lasted 00:02:22 (2354 turns).

Gorglomux the Skirmisher (Naga Berserker)           Turns: 2354, Time: 00:02:23

Health: 41/51      AC:  7    Str: 21    XL:     5   Next: 13%
Magic:  5/5        EV:  9    Int:  7    God:    Trog [**....]
Gold:   102        SH:  0    Dex: 10    Spells: 4/4 levels left

rFire    . . .     SeeInvis +   a - +0 hand axe
rCold    . . .     Gourm    .   (no shield)
rNeg     . . .     Faith    .   f - +0 ring mail
rPois    +         Spirit   .   (no helmet)
rElec    .         Reflect  .   (no cloak)
rCorr    .         Harm     .   j - +2 pair of gloves
MR       .....                  (no barding)
Stlth    ..........             (no amulet)
Regen    0.2/turn               (no ring)
MPRegen  0.1/turn               (no ring)

@: mildly poisoned (41 -> 38), very slow
A: see invisible, deformed body, poison resistance, slowness 2, slow metabolism
1, spit poison 1, AC +1
a: Spit Poison, Berserk, Trog's Hand, Burn Spellbooks, Renounce Religion


You were on level 3 of the Dungeon.
You worshipped Trog.
Trog was pleased with you.
You were not hungry.

You visited 1 branch of the dungeon, and saw 3 of its levels.

You collected 102 gold pieces.

Inventory:

Hand Weapons
 a - a +0 hand axe (weapon)
Armour
 b - a +0 animal skin
 f - a +0 ring mail (worn)
 j - a +2 pair of gloves (worn)
Jewellery
 m - an uncursed ring of positive energy {unknown}
Scrolls
 e - a scroll of magic mapping {unknown}
 g - a scroll of immolation {unknown}
 o - a scroll of blinking {unknown}
 p - a scroll of amnesia {unknown}
 q - a scroll of fear {unknown}
 r - a scroll of remove curse {unknown}
Potions
 i - a potion of mutation {unknown}
 k - a potion of resistance {unknown}
 n - a potion of haste {unknown}
Comestibles
 c - 2 bread rations
 h - 2 royal jellies


   Skills:
 + Level 4.5 Fighting
 + Level 4.4 Axes
 - Level 1.5 Armour
 - Level 1.5 Dodging


You had 4 spell levels left.
You didn't know any spells.

Dungeon Overview and Level Annotations

Branches:
Dungeon (3/15)

Altars:
Elyvilon
Fedhas

Annotations:
D:3 1 runed door


Innate Abilities, Weirdness & Mutations

You cannot wear boots.
Your serpentine skin is tough. (AC +1)
You have supernaturally acute eyesight. (SInv)
Armour fits poorly on your strangely shaped body.
Your system is resistant to poisons. (rPois)
You cover ground very slowly.
You have a slow metabolism.
You can spit poison.


Message History

Unknown command.
A kobold is nearby!
You are too injured to fight recklessly!
You are too injured to fight recklessly!
You are too injured to fight recklessly!
You are too injured to fight recklessly!
You are too injured to fight recklessly!
You hit the kobold.
You kill the kobold!
Trog accepts your kill.
You feel sick.
You feel sick.
Found a stone staircase leading up.
Things that are here:
an uncursed blowgun; 7 poisoned needles You feel sick.
Found 11 gold pieces.
Found a pair of gloves.
Okay, then.
Are you sure you want to abandon this character and quit the game? (Confirm with "yes".)

#..#.# #.# .# #..#.#
#.###.### #..#.#
#........ #..#.#
#.....<. #..#.#
#...#.# #..#.# #.....
#..#.########..#
#...((.(.(.).@.#
#.##.###.#.....#
#....# #....#..(..#
####.# ####....#....
#.# #........$.
#.#### #........#[
#....# #...##.#.#
###.##.###...# .#.##.
#............##......


There were no monsters in sight!

Vanquished Creatures
  Ijyb (D:3)
  2 gnolls (D:1)
  3 adders (D:2)
  2 worms (D:2)
  2 leopard geckos (D:1)
  7 bats
  3 giant cockroaches
  5 goblins
  7 hobgoblins
  4 jackals (D:1)
  4 kobolds
  A quokka (D:2)
  3 frilled lizards
  4 rats
48 creatures vanquished.

Notes
Turn   | Place    | Note
-------+----------+-------------------------------------------
     0 | D:1      | Gorglomux the Naga Berserker began the quest for the Orb.
     0 | D:1      | Reached XP level 1. HP: 21/21 MP: 1/1
     6 | D:1      | Noticed a wolf
     6 | D:1      | Noticed a polar bear
     6 | D:1      | Noticed a lindwurm
     6 | D:1      | Noticed a water moccasin
    10 | D:1      | Reached XP level 2. HP: 28/28 MP: 2/2
   249 | D:1      | HP: 1/28 [giant cockroach (1)]
   260 | D:1      | Reached XP level 3. HP: 2/34 MP: 3/3
  1443 | D:2      | Reached XP level 4. HP: 44/44 MP: 4/4
  1623 | D:2      | Found a blossoming altar of Fedhas.
  1632 | D:2      | Reached ** piety under Trog
  2271 | D:3      | Found a white marble altar of Elyvilon.
  2272 | D:3      | Found a runed door.
  2272 | D:3      | Noticed an angel
  2272 | D:3      | Noticed Ijyb
  2294 | D:3      | Killed Ijyb
  2294 | D:3      | Reached XP level 5. HP: 51/51 MP: 5/5
  2354 | D:3      | Quit the game

Skill      XL: |  1  2  3  4 |
---------------+-------------+-----
Axes           | 4 |  4.4
Fighting       | 4 |  4.5
Armour         | |  1.5
Dodging        | |  1.5

Action                   |  1- 3 |  4- 6 || total
-------------------------+-------+-------++-------
Melee: Hand axe          |    79 |   117 ||   196
Invok: Berserk           |     4 |     1 ||     5
 Abil: Spit Poison       |     2 |       ||     2
  Use: Potion            |     1 |       ||     1
  Eat: Chunk             |     5 |     4 ||     9
Armor: Animal skin       |     7 |       ||     7
       Ring mail         |    34 |    54 ||    88
Dodge: Dodged            |    61 |    70 ||   131
